 Dungeon Crawl Stone Soup version 0.29.0-4-gdea44cf6ec (webtiles) character file.

Game seed: 17504466746593472741

191 qw the Ruffian (level 5, -2/41 HPs)
             Began as a Ghoul Fire Elementalist on Aug 29, 2022.
             Slain by Eustachio
             ... wielding a +0 rapier
              (5 damage)
             ... on level 4 of the Dungeon.
             The game lasted 00:05:12 (4843 turns).

qw the Ruffian (Ghoul Fire Elementalist)            Turns: 4843, Time: 00:05:12

Health: -2/41      AC: 10    Str: 14      XL:     5   Next: 70%
Magic:  6/6        EV:  9    Int:  5      God:
Gold:   309        SH:  0    Dex:  5 (9)  Spells: 6/7 levels left

rFire   + . .      SeeInvis .     - Unarmed
rCold   + + +      Faith    .   (no shield)
rNeg    + + +      Spirit   .   i - +0 scale mail
rPois   inf        Reflect  .   (no helmet)
rElec   +          Harm     .   h - +0 cloak
rCorr   +          Rampage  .   a - +1 pair of gloves
Will    .....                   j - +0 pair of boots of the Slorg {rElec rC++ rCorr Int-5}
Stlth   ..........              (no amulet)
HPRegen 0.00/turn               e - ring of protection from fire
MPRegen 0.10/turn               (no ring)

@: inhibited regen
A: claws 1, cold resistance 1, negative energy resistance 3, inhibited
regeneration, torment resistance 2, devour on kill
a: no special abilities


You were on level 4 of the Dungeon.
You visited 1 branch of the dungeon, and saw 5 of its levels.

You collected 359 gold pieces.
You spent 50 gold pieces at shops.


Innate Abilities, Weirdness & Mutations

You are immune to poison.
You have sharp fingernails.
Your flesh is cold resistant. (rC+)
You are immune to negative energy. (rN+++)
You do not regenerate when monsters are visible.
You are immune to unholy pain and torment.
You thrive by killing the living.


   Skills:
 - Level 2.0 Fighting
 - Level 1.2 Armour
 - Level 1.7 Dodging
 - Level 2.1 Stealth
 + Level 4.9 Unarmed Combat
 - Level 1.7 Spellcasting
 - Level 0.7 Conjurations
 - Level 2.4 Fire Magic


You had 6 spell levels left.
You knew the following spells:

 Your Spells              Type           Power      Damage    Failure   Level
a - Foxfire               Conj/Fire      8%         2x1d4     71%         1

Your spell library contained the following spells:

 Spells                   Type           Power      Damage    Failure   Level
 Scorch                   Fire           4%         2d5       73%         2
 Conjure Flame            Conj/Fire      2%         6-21      97%         3
 Inner Flame              Hex/Fire       1%         N/A       98%         3
 Flame Wave               Conj/Fire      2%         2d4       100%        4

Inventory:

Armour
 a - a +1 pair of gloves (worn)
 h - a +0 cloak (worn)
 i - a +0 scale mail (worn)
 j - the +0 pair of boots of the Slorg (worn) {rElec rC++ rCorr Int-5}
   (You found it on level 3 of the Dungeon)

   Int:       It affects your intelligence (-5).
   rC:        It greatly protects you from cold.
   rElec:     It insulates you from electricity.
   rCorr:     It protects you from acid and corrosion.
Jewellery
 e - a ring of protection from fire (left hand)
Scrolls
 c - a scroll of identify
Potions
 k - a potion of brilliance {unknown}
 l - a potion of resistance {unknown}

Dungeon Overview and Level Annotations

Branches:
Dungeon (5/15)
 Temple: D:4-7

Altars:

Shops:
D:2 ?

Annotations:
D:4 Eustachio


Message History

The quasit closely misses you.
The quasit claws you but does no damage. x2
You miss the quasit.
The quasit bites you but does no damage.
The quasit claws you but does no damage.
The quasit closely misses you.
Eustachio casts a spell.
You closely miss the quasit. The quasit bites you.
You feel clumsy.
The quasit claws you but does no damage.
The quasit claws you.
You feel clumsy.
You miss the quasit.
Eustachio casts a spell.
Eustachio blinks!
The quasit bites you.
You feel clumsy.
The quasit claws you but does no damage. x2
You barely miss the quasit. The quasit misses you. The quasit claws you.
The quasit claws you but does no damage.
You barely miss Eustachio.
Eustachio is lightly wounded.
The quasit bites you but does no damage.
The quasit claws you but does no damage. x2
Eustachio barely misses you.
The quasit bites you but does no damage.
The quasit completely misses you. The quasit barely misses you.
You hit Eustachio.
Eustachio is moderately wounded.
Eustachio hits you with a +0 rapier.
The quasit bites you but does no damage.
The quasit misses you. The quasit closely misses you.
You barely miss Eustachio.
Eustachio is moderately wounded.
The quasit barely misses you. The quasit claws you.
You feel clumsy.
The quasit claws you but does no damage.
Eustachio hits you with a +0 rapier.
You die...

...#####|..#.## ##..########
#............# #.........#
#..#####...#.## ##..######.# #..#
##.###.## ##...# #.# #..#
#.###..###.#..# #.### ##.#
#.##......##..######...#
.########..................###.#
..##......##.!.###########.# #.#
#..######.#....@@555...>.#.###.##
..## #.##...#########.........
#########.##..## #.......##
..##......##..# ###.###...##
#..##<.#####..## #...# #...##
..###..........#######.#.###.....
.####..#####...........#.....###.
##......# ##..#########.#.#####.
........# #...## #............


You could see Eustachio, a quasit (summoned), a crimson imp (summoned) and a
white imp (summoned).

Vanquished Creatures
  A killer bee (D:4)
  4 gnolls (D:4)
  2 adders
  An ufetubus (D:4)
  2 worms (D:3)
  2 dart slugs
  2 orcs
  11 endoplasms
  3 giant cockroaches
  6 hobgoblins
  6 kobolds
  2 quokkas
  9 ball pythons
  6 bats
  3 frilled lizards
  8 goblins
  3 rats
71 creatures vanquished.

Vanquished Creatures (others)
  A withered plant (D:1)
1 creature vanquished.

Grand Total: 72 creatures vanquished

Notes
Turn   | Place    | Note
-------+----------+-------------------------------------------
     0 | D:1      | qw the Ghoul Fire Elementalist began the quest for the Orb.
     0 | D:1      | Reached XP level 1. HP: 14/14 MP: 2/2
     0 | D:1      | 0 ||| qw: Version: 0.1-a-90-g952f4b7
     0 | D:1      | 0 ||| qw: Game counter: 3946
     0 | D:1      | 0 ||| qw: Always use a shield: true
     0 | D:1      | 0 ||| qw: God list: Okawaru
     0 | D:1      | 0 ||| qw: Allow faded altars: false
     0 | D:1      | 0 ||| qw: Do Orc after D:15 true
     0 | D:1      | 0 ||| qw: Do second Lair branch before Depths: true
     0 | D:1      | 0 ||| qw: Lair rune preference: random
     0 | D:1      | 0 ||| qw: Plans: Normal
     0 | D:1      | 0 ||| PLANNING D:1-11
    21 | D:1      | Found a faded altar of an unknown god.
   292 | D:1      | Reached skill level 1 in Unarmed Combat
   405 | D:1      | 405 ||| Stepping ~*~*~tactically~*~*~ (hiding).
   508 | D:1      | 508 ||| Stepping ~*~*~tactically~*~*~ (stealth).
   516 | D:1      | 516 ||| Stepping ~*~*~tactically~*~*~ (outnumbered).
   517 | D:1      | 517 ||| Stepping ~*~*~tactically~*~*~ (outnumbered).
   519 | D:1      | 519 ||| Stepping ~*~*~tactically~*~*~ (outnumbered).
   522 | D:1      | Reached XP level 2. HP: 16/22 MP: 3/3
   527 | D:1      | Reached skill level 1 in Fighting
   844 | D:1      | Reached skill level 2 in Unarmed Combat
  1100 | D:1      | Reached XP level 3. HP: 28/28 MP: 4/4
  1194 | D:1      | 1194 ||| READING scroll labelled UKLUGU GOGHURR.
  1195 | D:1      | 1195 ||| READING scroll labelled KABRUCZ ITHUO.
  1199 | D:1      | 1199 ||| READING 3 scrolls labelled QACRIE LEUHA.
  1200 | D:1      | 1200 ||| READING scroll labelled ISU SIZEIRR.
  1201 | D:1      | 1201 ||| READING scroll labelled ITUURU MEADGHUTT.
  1202 | D:1      | 1202 ||| READING scroll labelled KEIHYO JANNITS.
  1203 | D:1      | 1203 ||| READING scroll labelled BITAIMM VAPN.
  1204 | D:1      | 1204 ||| DROPPING potion of magic.
  1205 | D:1      | 1205 ||| DROPPING 2 scrolls of magic mapping.
  1252 | D:2      | Found Dojiular's Magic Scroll Boutique.
  1253 | D:2      | 1253 ||| Stepping ~*~*~tactically~*~*~ (hiding).
  1355 | D:2      | 1355 ||| Stepping ~*~*~tactically~*~*~ (hiding).
  1663 | D:2      | 1663 ||| BUYING scroll of identify (20 gold).
  1663 | D:2      | Bought a scroll of identify for 20 gold pieces
  1663 | D:2      | 1663 ||| BUYING scroll of teleportation (30 gold).
  1663 | D:2      | Bought a scroll of teleportation for 30 gold pieces
  1680 | D:2      | Reached skill level 3 in Unarmed Combat
  1860 | D:2      | 1860 ||| Stepping ~*~*~tactically~*~*~ (outnumbered).
  2433 | D:2      | 2433 ||| UPGRADING to +0 cloak.
  2438 | D:2      | 2438 ||| UPGRADING to +0 leather armour.
  2448 | D:2      | 2448 ||| DROPPING +0 robe.
  2449 | D:2      | 2449 ||| UPGRADING to +0 ring mail.
  2459 | D:2      | 2459 ||| DROPPING +0 leather armour.
  2460 | D:2      | 2460 ||| READING scroll labelled XEERI ZOPERED.
  2561 | D:2      | 2561 ||| READING scroll labelled HIDGHI UCRO.
  2562 | D:2      | 2562 ||| READING scroll labelled FODITENIAWO.
  2563 | D:2      | 2563 ||| READING scroll labelled YTAACW ICKYITE.
  2564 | D:2      | 2564 ||| DRINKING 2 emerald potions.
  2597 | D:3      | 2597 ||| Stepping ~*~*~tactically~*~*~ (stealth).
  2599 | D:3      | 2599 ||| Stepping ~*~*~tactically~*~*~ (stealth).
  2744 | D:3      | 2744 ||| Stepping ~*~*~tactically~*~*~ (stealth).
  2749 | D:3      | Reached XP level 4. HP: 35/35 MP: 5/5
  2749 | D:3      | 2749 ||| Stepping ~*~*~tactically~*~*~ (stealth).
  2758 | D:3      | 2758 ||| Stepping ~*~*~tactically~*~*~ (stealth).
  2776 | D:3      | 2776 ||| Stepping ~*~*~tactically~*~*~ (stealth).
  3064 | D:3      | Reached skill level 4 in Unarmed Combat
  3125 | D:3      | Identified the +0 pair of boots of the Slorg {rElec rC++
                  | rCorr Int-5}
  3261 | D:3      | 3261 ||| UPGRADING to +0 pair of gloves.
  3266 | D:3      | 3266 ||| UPGRADING to +0 scale mail.
  3276 | D:3      | 3276 ||| UPGRADING to +0 pair of boots of the Slorg {rElec
                  | rC++ rCorr Int-5}.
  3281 | D:3      | 3281 ||| DROPPING +0 ring mail.
  3282 | D:3      | 3282 ||| UPGRADING to ring of protection from fire.
  3283 | D:3      | 3283 ||| DROPPING +6 ring of intelligence.
  3394 | D:4      | 3394 ||| Stepping ~*~*~tactically~*~*~ (stealth).
  3521 | D:4      | 3521 ||| Stepping ~*~*~tactically~*~*~ (hiding).
  3522 | D:4      | 3522 ||| Stepping ~*~*~tactically~*~*~ (hiding).
  3592 | D:4      | 3592 ||| Stepping ~*~*~tactically~*~*~ (hiding).
  3594 | D:4      | 3594 ||| Stepping ~*~*~tactically~*~*~ (hiding).
  3605 | D:4      | 3605 ||| Stepping ~*~*~tactically~*~*~ (outnumbered).
  3608 | D:4      | HP: 5/36 [gnoll/+0 halberd (8)]
  3609 | D:4      | 3609 ||| READING scroll of teleportation.
  3610 | D:4      | 3610 ||| DRINKING 2 potions of heal wounds.
  3839 | D:4      | Reached XP level 5. HP: 35/41 MP: 6/6
  3909 | D:4      | HP: 6/41 [gnoll/+0 halberd (9)]
  3910 | D:4      | Reached skill level 1 in Armour
  3910 | D:4      | 3910 ||| DRINKING potion of heal wounds.
  3920 | D:4      | HP: 9/41 [gnoll/+0 halberd (3)]
  4240 | D:4      | 4240 ||| READING scroll labelled GOT MEHODGH.
  4241 | D:4      | 4241 ||| READING scroll labelled FIVIEG ELER.
  4242 | D:4      | 4242 ||| READING 2 scrolls of identify.
  4242 | D:4      | 4242 ||| IDENTIFYING bubbling white potion
  4243 | D:4      | 4243 ||| DROPPING potion of attraction.
  4244 | D:4      | 4244 ||| Stepping randomly (stuck).
  4245 | D:4      | 4245 ||| Stepping randomly (stuck).
  4246 | D:4      | 4246 ||| Stepping randomly (stuck).
  4286 | D:4      | 4286 ||| Stepping randomly (stuck).
  4288 | D:4      | 4288 ||| Stepping randomly (stuck).
  4289 | D:4      | 4289 ||| Stepping randomly (stuck).
  4297 | D:4      | 4297 ||| Stepping randomly (stuck).
  4299 | D:4      | 4299 ||| Stepping randomly (stuck).
  4300 | D:4      | 4300 ||| Stepping randomly (stuck).
  4301 | D:4      | 4301 ||| Stepping randomly (stuck).
  4302 | D:4      | 4302 ||| Stepping randomly (stuck).
  4303 | D:4      | 4303 ||| Stepping randomly (stuck).
  4305 | D:4      | 4305 ||| Stepping randomly (stuck).
  4307 | D:4      | 4307 ||| Stepping randomly (stuck).
  4308 | D:4      | 4308 ||| Stepping randomly (stuck).
  4309 | D:4      | 4309 ||| Stepping randomly (stuck).
  4311 | D:4      | 4311 ||| Stepping randomly (stuck).
  4312 | D:4      | 4312 ||| Stepping randomly (stuck).
  4314 | D:4      | 4314 ||| Stepping randomly (stuck).
  4316 | D:4      | 4316 ||| Stepping randomly (stuck).
  4318 | D:4      | 4318 ||| Stepping randomly (stuck).
  4320 | D:4      | 4320 ||| Stepping randomly (stuck).
  4322 | D:4      | 4322 ||| Stepping randomly (stuck).
  4323 | D:4      | 4323 ||| Stepping randomly (stuck).
  4324 | D:4      | 4324 ||| Stepping randomly (stuck).
  4325 | D:4      | 4325 ||| Stepping randomly (stuck).
  4327 | D:4      | 4327 ||| Stepping randomly (stuck).
  4328 | D:4      | 4328 ||| Stepping randomly (stuck).
  4329 | D:4      | 4329 ||| Stepping randomly (stuck).
  4330 | D:4      | 4330 ||| Stepping randomly (stuck).
  4331 | D:4      | 4331 ||| Stepping randomly (stuck).
  4333 | D:4      | 4333 ||| Stepping randomly (stuck).
  4335 | D:4      | 4335 ||| Stepping randomly (stuck).
  4336 | D:4      | 4336 ||| Stepping randomly (stuck).
  4338 | D:4      | 4338 ||| Stepping randomly (stuck).
  4339 | D:4      | 4339 ||| Stepping randomly (stuck).
  4341 | D:4      | 4341 ||| Stepping randomly (stuck).
  4343 | D:4      | 4343 ||| Stepping randomly (stuck).
  4345 | D:4      | 4345 ||| Stepping randomly (stuck).
  4346 | D:4      | 4346 ||| Stepping randomly (stuck).
  4347 | D:4      | 4347 ||| Stepping randomly (stuck).
  4348 | D:4      | 4348 ||| Stepping randomly (stuck).
  4349 | D:4      | 4349 ||| Stepping randomly (stuck).
  4350 | D:4      | 4350 ||| Stepping randomly (stuck).
  4351 | D:4      | 4351 ||| Stepping randomly (stuck).
  4353 | D:4      | 4353 ||| Stepping randomly (stuck).
  4355 | D:4      | 4355 ||| Stepping randomly (stuck).
  4356 | D:4      | 4356 ||| Stepping randomly (stuck).
  4358 | D:4      | 4358 ||| Stepping randomly (stuck).
  4360 | D:4      | 4360 ||| Stepping randomly (stuck).
  4362 | D:4      | 4362 ||| Stepping randomly (stuck).
  4364 | D:4      | 4364 ||| Stepping randomly (stuck).
  4366 | D:4      | 4366 ||| Stepping randomly (stuck).
  4367 | D:4      | 4367 ||| Stepping randomly (stuck).
  4368 | D:4      | 4368 ||| Stepping randomly (stuck).
  4369 | D:4      | 4369 ||| Stepping randomly (stuck).
  4370 | D:4      | 4370 ||| Stepping randomly (stuck).
  4371 | D:4      | 4371 ||| Stepping randomly (stuck).
  4373 | D:4      | 4373 ||| Stepping randomly (stuck).
  4374 | D:4      | 4374 ||| Stepping randomly (stuck).
  4375 | D:4      | 4375 ||| Stepping randomly (stuck).
  4376 | D:4      | 4376 ||| Stepping randomly (stuck).
  4377 | D:4      | 4377 ||| Stepping randomly (stuck).
  4379 | D:4      | 4379 ||| Stepping randomly (stuck).
  4380 | D:4      | 4380 ||| Stepping randomly (stuck).
  4382 | D:4      | 4382 ||| Stepping randomly (stuck).
  4383 | D:4      | 4383 ||| Stepping randomly (stuck).
  4384 | D:4      | 4384 ||| Stepping randomly (stuck).
  4385 | D:4      | 4385 ||| Stepping randomly (stuck).
  4386 | D:4      | 4386 ||| Stepping randomly (stuck).
  4387 | D:4      | 4387 ||| Stepping randomly (stuck).
  4388 | D:4      | 4388 ||| Stepping randomly (stuck).
  4389 | D:4      | 4389 ||| Stepping randomly (stuck).
  4390 | D:4      | 4390 ||| Stepping randomly (stuck).
  4396 | D:4      | 4396 ||| READING scroll of teleportation.
  4438 | D:4      | 4438 ||| READING scroll of enchant armour.
  4438 | D:4      | 4438 ||| ENCHANTING +0 pair of gloves.
  4447 | D:4      | 4447 ||| Stepping randomly (stuck).
  4448 | D:4      | 4448 ||| Stepping randomly (stuck).
  4450 | D:4      | 4450 ||| Stepping randomly (stuck).
  4451 | D:4      | 4451 ||| Stepping randomly (stuck).
  4452 | D:4      | 4452 ||| Stepping randomly (stuck).
  4453 | D:4      | 4453 ||| Stepping randomly (stuck).
  4454 | D:4      | 4454 ||| Stepping randomly (stuck).
  4455 | D:4      | 4455 ||| Stepping randomly (stuck).
  4456 | D:4      | 4456 ||| Stepping randomly (stuck).
  4458 | D:4      | 4458 ||| Stepping randomly (stuck).
  4459 | D:4      | 4459 ||| Stepping randomly (stuck).
  4460 | D:4      | 4460 ||| Stepping randomly (stuck).
  4461 | D:4      | 4461 ||| Stepping randomly (stuck).
  4462 | D:4      | 4462 ||| Stepping randomly (stuck).
  4464 | D:4      | 4464 ||| Stepping randomly (stuck).
  4465 | D:4      | 4465 ||| Stepping randomly (stuck).
  4466 | D:4      | 4466 ||| Stepping randomly (stuck).
  4467 | D:4      | 4467 ||| Stepping randomly (stuck).
  4469 | D:4      | 4469 ||| Stepping randomly (stuck).
  4471 | D:4      | 4471 ||| Stepping randomly (stuck).
  4473 | D:4      | 4473 ||| Stepping randomly (stuck).
  4474 | D:4      | 4474 ||| Stepping randomly (stuck).
  4475 | D:4      | 4475 ||| Stepping randomly (stuck).
  4476 | D:4      | 4476 ||| Stepping randomly (stuck).
  4478 | D:4      | 4478 ||| Stepping randomly (stuck).
  4480 | D:4      | 4480 ||| Stepping randomly (stuck).
  4481 | D:4      | 4481 ||| Stepping randomly (stuck).
  4798 | D:5      | Entered Level 5 of the Dungeon
  4798 | D:5      | Noticed Eustachio
  4799 | D:5      | 4799 ||| PLANNING OSSUARY
  4799 | D:5      | 4799 ||| STAIRDANCE
  4810 | D:4      | HP: 8/41 [killer bee (8)]
  4811 | D:4      | 4811 ||| DRINKING potion of heal wounds.
  4817 | D:4      | 4817 ||| Stepping ~*~*~tactically~*~*~ (outnumbered).
  4829 | D:4      | 4829 ||| FLEEEEING.
  4830 | D:4      | 4830 ||| FLEEEEING.
  4831 | D:4      | 4831 ||| FLEEEEING.
  4832 | D:4      | 4832 ||| FLEEEEING.
  4833 | D:4      | 4833 ||| FLEEEEING.
  4834 | D:4      | 4834 ||| FLEEEEING.
  4835 | D:4      | 4835 ||| FLEEEEING.
  4840 | D:4      | HP: 10/41 [quasit[Eustachio] (1)]
  4842 | D:4      | HP: 4/41 [Eustachio/+0 rapier (6)]
  4843 | D:4      | Slain by Eustachio

Levels and vault maps discovered:
D:1:      dpeg_arrival_connections, layout_loops_cross,
          ebering_ecumenical_altar_petrified, minmay_tetromino_o4
D:2:      layout_rooms, serial_shops, shop, minmay_misc_feat_tiny
D:3:      layout_basic
D:4:      layout_loops_ring, minmay_puff
D:5:      layout_rooms, nicolae_ru_the_path_less_chosen, enter_ossuary_4,
          kennysheep_generic_room_3, uniq_duvessa, uniq_menkaure, uniq_eustachio

Skill      XL: |  1  2  3  4  5 |
---------------+----------------+-----
Unarmed Combat | 1 2 3 4 |  4.9
Fighting       | 1 2 |  2.0
Armour         | 1 |  1.2
Dodging        | |  1.7
Stealth        | |  2.1
Spellcasting   | |  1.7
Conjurations   | |  0.7
Fire Magic     | |  2.4

Action                   |  1- 3 |  4- 6 || total
-------------------------+-------+-------++-------
Melee: Unarmed           |   165 |   153 ||   318
       Punch             |     1 |     3 ||     4
  Use: Scroll            |    11 |     6 ||    17
       Potion            |     1 |     3 ||     4
 Stab: Sleeping          |     1 |       ||     1
Armor: Robe              |    19 |       ||    19
       Ring mail         |     5 |     6 ||    11
       Scale mail        |       |    66 ||    66
Dodge: Dodged            |    75 |    89 ||   164

Table legend:
 A = Non-vault XP
 B = Vault XP
 C = Vault XP percentage of total XP
 D = Non-vault monster count
 E = Vault monster count
 F = Vault count percentage of total count
                 A         B        C        D         E       F
            +---------+---------+-------+---------+---------+-------
      Total |     259 |      14 |   5.1 |      64 |       7 |   9.9
            +---------+---------+-------+---------+---------+-------
        D:1 |      28 |       8 |  22.2 |      18 |       4 |  18.2
        D:2 |      37 |       0 |   0.0 |      14 |       0 |   0.0
        D:3 |      42 |       0 |   0.0 |      19 |       0 |   0.0
        D:4 |     152 |       6 |   3.8 |      13 |       3 |  18.8
            +---------+---------+-------+---------+---------+-------
